 Dungeon Crawl Stone Soup version 0.21-a0-404-g291f19a (webtiles) character file.

111 Inutsu the Magician (level 4, -3/24 HPs)
             Began as a Deep Elf Air Elementalist on Oct 30, 2017.
             Killed from afar by an orc wizard (9 damage)
             ... with a puff of flame
             ... on level 3 of the Dungeon.
             The game lasted 00:12:21 (2733 turns).

Inutsu the Magician (Deep Elf Air Elementalist)     Turns: 2733, Time: 00:12:22

Health: -3/24      AC:  3    Str:  5    XL:     4   Next: 62%
Magic:  4/11       EV: 13    Int: 21    God:
Gold:   136        SH:  0    Dex: 15    Spells: 9/10 levels left

rFire    . . .     SeeInvis .   i - +2 short sword (speed)
rCold    . . .     Gourm    .   (no shield)
rNeg     . . .     Faith    .   a - +0 robe
rPois    .         Spirit   .   (no helmet)
rElec    .         Reflect  .   (no cloak)
rCorr    .         Harm     .   (no gloves)
MR       .....                  n - +0 pair of boots
Stlth    ++........             (no amulet)
HPRegen  0.08/turn              (no ring)
MPRegen  0.12/turn              (no ring)

@: no status effects
A: no striking features
a: no special abilities


You were on level 3 of the Dungeon.
You were not hungry.

You visited 1 branch of the dungeon, and saw 3 of its levels.

You collected 136 gold pieces.

Inventory:

Hand Weapons
 i - a +2 short sword of speed (weapon)
Armour
 a - a +0 robe (worn)
 n - a +0 pair of boots (worn)
Scrolls
 e - a scroll of teleportation
 g - a scroll of blinking
 l - a scroll of identify
 m - a scroll of enchant weapon {unknown}
 o - a scroll of remove curse {unknown}
 p - a scroll of enchant armour {unknown}
Potions
 d - a potion of haste {unknown}
 h - 3 potions of curing {unknown}
 j - a potion of resistance {unknown}
 k - 2 potions of flight {unknown}
 q - a potion of invisibility {unknown}
Books
 b - a book of Air

   Spells                             Type                      Level
   a - Shock                          Conjuration/Air              1
   b - Swiftness                      Charms/Air                   2
   c - Static Discharge               Conjuration/Air              3
   d - Airstrike                      Air                          4
   e - Lightning Bolt                 Conjuration/Air              5
Comestibles
 c - 3 bread rations
 f - 2 royal jellies


   Skills:
 + Level 1.0 Short Blades
 + Level 3.3 Dodging
 + Level 3.5 Stealth
 + Level 3.7 Spellcasting
 + Level 2.1 Conjurations
 + Level 3.6 Air Magic


You had 9 spell levels left.
You knew the following spells:

 Your Spells              Type           Power        Failure   Level  Hunger
a - Shock                 Conj/Air       ###.         3%          1    None


Dungeon Overview and Level Annotations

Branches:
Dungeon (3/15)

Altars:
Ashenzari
Makhleb
Qazlal
Zin


Message History

The ogre is severely wounded.
An orc wizard comes into view. It is wielding a dagger.
The orc wizard moves out of view. 3 orcs come into view.
The orc shouts!
There is an open door here.
The orc wizard shouts!
The orc shouts!
The orc wizard casts a spell at you. The magic dart hits you!
The orc shouts!
A worm comes into view.
The orc wizard gestures wildly while chanting.
The orc wizard seems to speed up.
Your magical contamination has completely faded away.
The orc wizard casts a spell at you. The magic dart hits you!
* * * LOW HITPOINT WARNING * * *
The orc wizard casts a spell at you. The puff of flame hits you!
You die...

#o####
#.#
#o#
#o#
#.#
#O#
#.#
#o#
#@#
#.#
#.#
#.#
#<#
#.#
###


You could see an ogre, an orc wizard and 2 orcs.

Vanquished Creatures
  5 adders (D:2)
  3 worms (D:2)
  3 leopard geckos
  6 bats
  6 giant cockroaches
  10 goblins
  5 hobgoblins
  2 frilled lizards (D:2)
  6 kobolds
  8 rats
54 creatures vanquished.

Notes
Turn   | Place    | Note
-------+----------+-------------------------------------------
     0 | D:1      | Inutsu the Deep Elf Air Elementalist began the quest for the Orb.
     0 | D:1      | Reached XP level 1. HP: 10/10 MP: 6/6
   209 | D:1      | Reached XP level 2. HP: 15/15 MP: 2/8
   788 | D:1      | Reached XP level 3. HP: 19/19 MP: 5/9
  1671 | D:2      | Found a stormy altar of Qazlal.
  1704 | D:2      | Reached XP level 4. HP: 24/24 MP: 11/11
  1726 | D:2      | Found a burning altar of Makhleb.
  1870 | D:2      | Found a glowing silver altar of Zin.
  2193 | D:2      | Reached skill level 1 in Short Blades
  2685 | D:3      | Found a shattered altar of Ashenzari.
  2690 | D:3      | Noticed an ogre
  2733 | D:3      | Killed from afar by an orc wizard

Vault maps used:
D:1:      dpeg_arrival_line_fractal
D:2:      nicolae_overflow_crystal_walls, zin_treasury, lemuel_crystal_altar
D:3:      cheibrodos_ashenzari_chains, lemuel_doored_altar,
          nicolae_tso_swordbearing_angel

Skill      XL: |  1  2  3  4 |
---------------+-------------+-----
Stealth        | 3 |  3.5
Dodging        | 3 |  3.3
Conjurations   | 2 |  2.1
Short Blades   | 1 |  1.0
Spellcasting   | |  3.7
Air Magic      | |  3.6

Action                   |  1- 3 |  4- 6 || total
-------------------------+-------+-------++-------
Melee: Short sword       |    27 |     3 ||    30
 Cast: Shock             |    70 |    40 ||   110
  Use: Scroll            |       |     3 ||     3
 Stab: Sleeping          |     3 |       ||     3
  Eat: Bread ration      |     1 |     1 ||     2
Armor: Robe              |     4 |     1 ||     5
Dodge: Dodged            |    15 |     4 ||    19

Table legend:
 A = Spawn XP
 B = Non-spawn XP
 C = Spawn XP percentage of total XP
 D = Spawn monster count
 E = Non-spawn monster count
 F = Spawn count percentage of total count
 G = Total turns spent on level
                    A         B        C        D         E        F      G
               +---------+---------+-------+---------+---------+-------+---------
         Total |       0 |     159 |   0.0 |       0 |      54 |   0.0 |  2733
               +---------+---------+-------+---------+---------+-------+---------
           D:1 |       0 |      46 |   0.0 |       0 |      28 |   0.0 |  1074
           D:2 |       0 |     101 |   0.0 |       0 |      20 |   0.0 |  1559
           D:3 |       0 |      12 |   0.0 |       0 |       6 |   0.0 |   100
               +---------+---------+-------+---------+---------+-------+---------
